 Dungeon Crawl Stone Soup version 0.21.1-1-g345015fe64 (webtiles) character file.

263 Evaline the Shield-Bearer (level 6, -16/37 HPs)
             Began as a Gargoyle Fighter on June 21, 2018.
             Killed from afar by a ynoxinul (24 damage)
             ... with an iron shot
             ... on level 2 of the Abyss.
             The game lasted 00:11:11 (2824 turns).

Evaline the Shield-Bearer (Gargoyle Fighter)        Turns: 2824, Time: 00:11:12

Health: -16/37     AC: 17    Str: 20    XL:     6   Next: 19%
Magic:  15/15      EV:  5    Int:  8    God:
Gold:   199        SH: 10    Dex: 11    Spells: 5/5 levels left

rFire    . . .     SeeInvis .   a - +1 mace (holy)
rCold    . . .     Gourm    .   c - +0 shield
rNeg     + . .     Faith    +   z - +0 chain mail
rPois    ∞         Spirit   .   (no helmet)
rElec    +         Reflect  .   (no cloak)
rCorr    .         Harm     .   (no gloves)
MR       .....                  A - +2 pair of boots
Stlth    ..........             l - amulet of faith
HPRegen  0.12/turn              j - ring of magical power
MPRegen  0.14/turn              (no ring)

@: no status effects
A: negative energy resistance 1, electricity resistance, unbreathing,
petrification resistance, rot immunity, AC +4
a: no special abilities


You were on level 2 of the Abyss.
You were hungry.

You visited 1 branch of the dungeon, and saw 3 of its levels.
You visited the Abyss 1 time.

You collected 199 gold pieces.

Inventory:

Hand Weapons
 a - a +1 mace of holy wrath (weapon)
 b - a +0 war axe
 q - a +0 trident
 w - a +0 hunting sling
 B - a +0 whip of venom
Missiles
 e - 182 stones (quivered)
 i - 23 poisoned needles
 G - 4 needles of confusion
Armour
 c - a +0 shield (worn)
 z - a +0 chain mail (worn)
 A - a +2 pair of boots (worn)
Jewellery
 j - a ring of magical power (left hand)
 l - an amulet of faith (around neck)
Wands
 C - a wand of iceblast (4)
Scrolls
 g - 3 scrolls of identify {unknown}
 h - a scroll of enchant armour {unknown}
 m - 2 scrolls of random uselessness {unknown}
 p - a scroll of magic mapping {unknown}
 r - a scroll of fog {unknown}
 t - a scroll of amnesia {unknown}
 x - a scroll of teleportation {unknown}
 y - a scroll of fear {unknown}
 D - a scroll of remove curse {unknown}
 E - a scroll of enchant weapon {unknown}
Potions
 d - 2 potions of might
 k - a potion of heal wounds {unknown}
 n - a potion of agility {unknown}
 o - a potion of curing {unknown}
 u - a potion of flight {unknown}
 v - 2 potions of resistance {unknown}
Books
 F - a book of Unlife

   Spells                             Type                      Level
   a - Recall                         Summoning/Translocation      3
   b - Animate Dead                   Necromancy                   4
   c - Borgnjor's Vile Clutch         Necromancy/Earth             5
   d - Death Channel                  Necromancy                   6
   e - Simulacrum                     Ice/Necromancy               6
Comestibles
 f - 5 rations
 s - 4 chunks of flesh


   Skills:
 - Level 3.6 Fighting
 * Level 4.1 Axes
 + Level 4.0 Armour
 * Level 5.0 Shields


You had 5 spell levels left.
You didn't know any spells.

Dungeon Overview and Level Annotations

Branches:
Dungeon (3/15)

Altars:

Annotations:
D:3 Crazy Yiuf


Innate Abilities, Weirdness & Mutations

You are resistant to torment.
Your stone body is resilient. (AC +4)
You are immune to poison.
You resist negative energy. (rN+)
You are resistant to electric shocks. (rElec)
You can survive without breathing.
You are immune to petrification.
You are immune to rotting.


Message History

You closely miss the ynoxinul. The ufetubus barely misses you. x2
The ynoxinul gestures at you. The iron shot hits you!
Ouch! That really hurt!
* * * LOW HITPOINT WARNING * * *
The ufetubus hits you but does no damage.
You block the ufetubus's attack.
Press: ? - help, v - describe, . - travel
Here: an ufetubus (summoned)
The floor.
You sock the ynoxinul!
The ynoxinul convulses!
The ynoxinul is severely wounded.
The ynoxinul gestures.
The ufetubus hits you.
* * * LOW HITPOINT WARNING * * *
You block the ufetubus's attack. The ynoxinul gestures at you.
The iron shot hits you!
Ouch! That really hurt!
You die...

.### ...
.#
#....##
#.....##
# #..
#5#### #
# # #.
#..#.#
#.#. .
..#5.3###
#. . # #.
...#@5#
#_ #.#. #
.#######
. ..# .##
#3 #.#
..# # .
##. #.##
.. ##.#
#....
#..#..
..##.#
.#..##.
.#.... ..
###..##.
.####


You could see a ynoxinul and 3 ufetubi.

Vanquished Creatures
  An orc priest (D:3)
  Terence (D:2)
  Ijyb (D:3)
  Natasha (twice) (D:3)
  4 adders
  2 oozes
  An adder skeleton (D:3)
  3 worms
  A dart slug (D:1)
  3 leopard geckos (D:3)
  16 orcs (D:3)
  7 bats
  A giant cockroach (D:2)
  6 goblins
  A hobgoblin (D:2)
  A quokka (D:3)
  6 kobolds
  4 rats
  A fungus (D:3)
62 creatures vanquished.

Notes
Turn   | Place    | Note
-------+----------+-------------------------------------------
     0 | D:1      | Evaline the Gargoyle Fighter began the quest for the Orb.
     0 | D:1      | Reached XP level 1. HP: 14/14 MP: 1/1
   184 | D:1      | You fall through a shaft!
   244 | D:1      | Reached XP level 2. HP: 19/19 MP: 2/2
  1108 | D:2      | Reached XP level 3. HP: 22/23 MP: 3/3
  1125 | D:2      | Noticed Terence
  1143 | D:2      | Killed Terence
  1143 | D:2      | Reached skill level 4 in Shields
  1314 | D:2      | Reached XP level 4. HP: 28/28 MP: 4/4
  1636 | D:3      | Noticed Ijyb
  1647 | D:3      | Killed Ijyb
  1728 | D:3      | Reached XP level 5. HP: 30/32 MP: 5/5
  1882 | D:3      | Noticed Natasha
  1892 | D:3      | Killed Natasha
  2247 | D:3      | Noticed Natasha
  2257 | D:3      | Killed Natasha
  2496 | D:3      | Reached XP level 6. HP: 25/37 MP: 6/6
  2527 | D:3      | Reached skill level 5 in Shields
  2769 | D:3      | Found a runed door.
  2773 | D:3      | Noticed Crazy Yiuf
  2780 | D:3      | Cast into level 2 of the Abyss (Crazy Yiuf)
  2802 | Abyss:2  | Found a roughly hewn altar of Beogh.
  2802 | Abyss:2  | Noticed a ynoxinul
  2824 | Abyss:2  | Killed from afar by a ynoxinul

Skill      XL: |  1  2  3  4  5  6 |
---------------+-------------------+-----
Axes           | 2 3 4 |  4.1
Shields        | 4 5 |  5.0
Armour         | 4 |  4.0
Fighting       | |  3.6

Action                   |  1- 3 |  4- 6 || total
-------------------------+-------+-------++-------
Melee: War axe           |    65 |    40 ||   105
       Mace              |       |   148 ||   148
Throw: Stone             |     4 |       ||     4
  Eat: Chunk             |     1 |     5 ||     6
Armor: Scale mail        |    34 |    28 ||    62
       Chain mail        |       |    53 ||    53
Dodge: Dodged            |    18 |    50 ||    68
Block: Shield            |    36 |    91 ||   127
